 Dungeon Sprint DCSS version 0.30-a0-210-g01b79a254e (webtiles) character file.

Game seed: 14658644210568564114

8396 rocky1 the Bludgeoner (level 11, 0/130 HPs)
             Began as an Ogre Gladiator on Oct 5, 2022.
             Was an Initiate of Gozag.
             Slain by a hornet (2 damage)
             ... while paralysed by a hornet
             ... in the Dungeon (Sprint VII: "The Pits").
             The game lasted 00:10:56 (2686 turns).

rocky1 the Bludgeoner (Ogre Gladiator)              Turns: 2686, Time: 00:10:57

Health: 0/130      AC:  5    Str: 24    XL:     11   Next: 30%
Magic:  11/11      EV:  1    Int:  9    God:    Gozag
Gold:   435        SH:  0    Dex: 13    Spells: 10/10 levels left

rFire   . . .      SeeInvis .    y - +2 dire flail (protect)
rCold   . . .      Faith    .    (shield currently unavailable)
rNeg    + . .      Spirit   .    a - +2 robe {Will+}
rPois   .          Reflect  .    c - +0 hat
rElec   .          Harm     .    (no cloak)
rCorr   .          Rampage  .    (gloves unavailable)
Will    ++...      NoTele   +    (boots unavailable)
Stlth   +.........               (no amulet)
HPRegen 0.41/turn                w - +3 ring of dexterity
MPRegen 0.12/turn                r - ring of positive energy

@: paralysed, lethally poisoned (0 -> -9), gold aura, slowed
A: large, unfitting armour, tough skin 1
a: Renounce Religion, Potion Petition, Call Merchant, Bribe Branch


You were in the Dungeon.
You worshipped Gozag.
Gozag was aware of your devotion.
You visited 1 branch You collected 3429 gold pieces.
You spent 409 gold pieces at shops.
You paid 2585 gold pieces to Gozag.

Inventory:

Hand Weapons
 j - a +0 arbalest
 y - a +2 dire flail of protection (weapon)
Missiles
 d - 2 throwing nets (quivered)
 e - 4 large rocks
 l - 3 poisoned darts
Armour
 a - a +2 robe of willpower (worn)
 b - a +0 robe
 c - a +0 hat (worn)
Jewellery
 r - a ring of positive energy (right hand)
 w - a +3 ring of dexterity (left hand)
Scrolls
 k - a scroll of blinking
 m - 5 scrolls of amnesia
 p - a scroll of torment {unknown}
 u - a scroll of brand weapon {unknown}
Potions
 f - 6 potions of curing
 g - 2 potions of heal wounds
 h - a potion of haste
 i - 4 potions of magic
 q - 3 potions of brilliance
 t - a potion of attraction {unknown}
 v - a potion of resistance {unknown}
 x - a potion of mutation


   Skills:
 + Level 14.2 Fighting
 + Level 18.2 Maces & Flails
 + Level 11.2 Throwing
 + Level 10.4 Dodging


You had 10 spell levels left.
You didn't know any spells.
Your spell library was empty.

Dungeon Overview and Level Annotations

Branches:
Dungeon (1/1)

Altars:
Ashenzari
Cheibriados
Dithmenos
Elyvilon
Fedhas
Gozag
Hepliaklqana
Kikubaaqudgha
Makhleb
Nemelex Xobeh
Okawaru
Qazlal
Ru
Sif Muna
Trog
Uskayaw
Vehumet
Wu Jian
Xom
Yredelemnul
Zin
The Shining One
Jiyva
Lugonu

Shops:
D *

Annotations:
D Urug


Innate Abilities, Weirdness & Mutations

You are too large for most types of armour.
You have tough skin. (AC +1)


Message History

The ynoxinul is almost dead.
The ufetubus closely misses your small abomination.
The ufetubus barely misses your small abomination.
The ufetubus hits your small abomination.
The ufetubus hits your small abomination but does no damage.
The ynoxinul barely misses you.
You impale the ynoxinul!!
You kill the ynoxinul!
The ufetubus disappears in a puff of smoke! x8
Your small abomination hits the hornet!
Unknown command.
You barely miss the hornet.
The hornet is moderately wounded.
The hornet stings you!
* * * LOW HITPOINT WARNING * * *
You feel yourself slow down.
Unknown command.
You completely miss the hornet.
The hornet is moderately wounded.
The hornet completely misses you.
Your small abomination closely misses the hornet.
The hornet stings you but does no damage.
Unknown command.
You barely miss the hornet.
The hornet is moderately wounded.
The hornet stings you.
* * * LOW HITPOINT WARNING * * *
You suddenly lose the ability to move!
An ufetubus comes into view.
The hornet stings you.
* * * LOW HITPOINT WARNING * * *
You feel as though you will be slow longer.
Your small abomination closely misses the hornet.
The hornet stings you!
* * * LOW HITPOINT WARNING * * *
You are lethally poisoned!
You feel as though you will be slow longer.
Your small abomination hits the hornet.
The hornet stings you.
You die...
Your body crumbles into a pile of gold.

.# # .# #
.###########++########## #
'##................##..# #
.##......#..#......##..# #
.##..............$.''..# #
..)).............$.''..##########
###..)...#..#..$x..##))).........
.##........5...y@..##............
.#####'#####''###################
###.......##'+# .##.......##..#
.##.......##..# # ###...<...##..#
.## .##.......##..# k.3#
.##.......##..## .....
###.......##...##......


You could see a hornet (ally target), an ufetubus and a friendly small
abomination (summoned).

Vanquished Creatures
  An emperor scorpion (D)
  A deep elf sorcerer (D)
  A deep elf knight (D)
  A bog body (D)
  A deep elf archer (D)
  A deep elf zephyrmancer (D)
  An orc knight (D)
  A lindwurm (D)
  A deep elf pyromancer (D)
  A cyclops (D)
  A gargoyle (D)
  An ice devil (D)
  2 kobold demonologists (D)
  A guardian mummy (D)
  3 slime creatures (D)
  A jumping spider (D)
  A flying skull (D)
  A ynoxinul (D)
  A spriggan (D)
  2 floating eyes (D)
  A swamp drake (D)
  2 black bears (D)
  An orc warrior (D)
  A kobold brigand (D)
  A quasit (D)
  2 orc priests (D)
  5 orc wizards (D)
  2 iguanas (D)
  An adder (D)
  2 river rats (D)
  An adder zombie (D)
  4 orcs (D)
  A hobgoblin (D)
  3 jackals (D)
  A frilled lizard (D)
  7 kobolds (D)
59 creatures vanquished.

Vanquished Creatures (others)
  An orc sorcerer (D)
  A water moccasin (D)
2 creatures vanquished.

Grand Total: 61 creatures vanquished

Notes
Turn   | Place    | Note
-------+----------+-------------------------------------------
     0 | D        | rocky1 the Ogre Gladiator began the quest for the Orb.
     0 | D        | Reached XP level 1. HP: 22/22 MP: 1/1
    20 | D        | Reached skill level 3 in Maces & Flails
    23 | D        | Found a bloodstained altar of Trog.
    23 | D        | Found a shimmering blue altar of Sif Muna.
    23 | D        | Found a viscous altar of Jiyva.
    23 | D        | Found a hazy altar of Hepliaklqana.
    23 | D        | Found an opulent altar of Gozag.
    24 | D        | Found a glowing golden altar of the Shining One.
    24 | D        | Found a glowing silver altar of Zin.
    24 | D        | Found a basalt altar of Yredelemnul.
    24 | D        | Found a shimmering altar of Xom.
    24 | D        | Found an ornate altar of the Wu Jian Council.
    24 | D        | Found a sacrificial altar of Ru.
    24 | D        | Found a stormy altar of Qazlal.
    24 | D        | Found an iron altar of Okawaru.
    24 | D        | Found a sparkling altar of Nemelex Xobeh.
    24 | D        | Found a burning altar of Makhleb.
    24 | D        | Found a blossoming altar of Fedhas.
    24 | D        | Found a white marble altar of Elyvilon.
    24 | D        | Found a shadowy altar of Dithmenos.
    24 | D        | Found a snail-covered altar of Cheibriados.
    28 | D        | Found a corrupted altar of Lugonu.
    28 | D        | Found a radiant altar of Vehumet.
    29 | D        | Found a broken altar of Ashenzari.
    29 | D        | Found an ancient bone altar of Kikubaaqudgha.
    29 | D        | Found a hide-covered altar of Uskayaw.
    31 | D        | Became a worshipper of Gozag Ym Sagoz the Greedy
    76 | D        | Noticed a floating eye
    81 | D        | Killed a floating eye
    82 | D        | Reached skill level 8 in Maces & Flails
    82 | D        | Reached XP level 2. HP: 29/29 MP: 2/2
    82 | D        | Reached XP level 3. HP: 36/36 MP: 3/3
    82 | D        | Reached XP level 4. HP: 44/44 MP: 4/4
   185 | D        | Noticed a floating eye
   188 | D        | Killed a floating eye
   189 | D        | Reached skill level 10 in Maces & Flails
   189 | D        | Reached XP level 5. HP: 47/50 MP: 5/5
   233 | D        | Reached skill level 11 in Maces & Flails
   250 | D        | Reached XP level 6. HP: 59/59 MP: 6/6
   341 | D        | Noticed a black bear
   342 | D        | Noticed a black bear
   365 | D        | Killed a black bear
   366 | D        | Reached skill level 12 in Maces & Flails
   384 | D        | Reached skill level 13 in Maces & Flails
   401 | D        | Killed a black bear
   402 | D        | Reached XP level 7. HP: 45/66 MP: 7/7
   414 | D        | Reached skill level 14 in Maces & Flails
   417 | D        | Noticed a flying skull
   561 | D        | Killed a flying skull
   562 | D        | Reached skill level 15 in Maces & Flails
   590 | D        | Noticed a guardian mummy
   602 | D        | Killed a guardian mummy
   603 | D        | Reached XP level 8. HP: 46/74 MP: 8/8
   858 | D        | Reached skill level 16 in Maces & Flails
   988 | D        | Bought a scroll labelled DUBITE NOYJE for 27 gold pieces
   988 | D        | Bought a black potion for 24 gold pieces
   988 | D        | Bought a knobbly glass ring for 135 gold pieces
   988 | D        | Bought a runed whip for 148 gold pieces
   988 | D        | Bought a clear potion for 24 gold pieces
   988 | D        | Bought a scroll labelled HOUCEA KADAGG for 27 gold pieces
   988 | D        | Bought a murky red potion for 24 gold pieces
   999 | D        | Noticed a gargoyle
  1025 | D        | Killed a gargoyle
  1026 | D        | Reached skill level 5 in Fighting
  1346 | D        | Noticed an orc sorcerer
  1346 | D        | Noticed a jumping spider
  1346 | D        | Noticed an orc knight
  1365 | D        | Paralysed by an orc sorcerer for 2 turns
  1373 | D        | Noticed an orange demon
  1379 | D        | Noticed a sun demon
  1393 | D        | Killed an orc sorcerer
  1395 | D        | Killed an orc knight
  1396 | D        | Reached skill level 5 in Throwing
  1396 | D        | Reached skill level 5 in Dodging
  1396 | D        | Reached XP level 9. HP: 48/93 MP: 9/9
  1706 | D        | Noticed a lindwurm
  1706 | D        | Noticed a hornet
  1706 | D        | Noticed a death yak
  1706 | D        | Noticed Urug
  1839 | D        | Noticed a kobold demonologist
  1841 | D        | Noticed a kobold demonologist
  1852 | D        | Killed a kobold demonologist
  1866 | D        | Killed a kobold demonologist
  1891 | D        | Noticed a bog body
  1891 | D        | Noticed an emperor scorpion
  1891 | D        | Noticed a cyclops
  1915 | D        | Killed an emperor scorpion
  1916 | D        | Reached skill level 10 in Fighting
  1916 | D        | Reached skill level 17 in Maces & Flails
  1916 | D        | Reached XP level 10. HP: 26/111 MP: 10/10
  1921 | D        | Killed a bog body
  1931 | D        | Killed a cyclops
  2220 | D        | Noticed a deep elf archer
  2221 | D        | Noticed a deep elf knight
  2224 | D        | Noticed a deep elf sorcerer
  2224 | D        | Noticed a deep elf zephyrmancer
  2245 | D        | Killed a deep elf knight
  2247 | D        | Noticed a deep elf pyromancer
  2253 | D        | Killed a deep elf sorcerer
  2254 | D        | Reached skill level 10 in Throwing
  2257 | D        | Killed a deep elf archer
  2258 | D        | Reached XP level 11. HP: 79/127 MP: 11/11
  2263 | D        | Killed a deep elf zephyrmancer
  2264 | D        | Reached skill level 18 in Maces & Flails
  2264 | D        | Reached skill level 10 in Dodging
  2267 | D        | Killed a deep elf pyromancer
  2666 | D        | Killed a lindwurm
  2684 | D        | Paralysed by a hornet for 2 turns
  2686 | D        | HP: 2/130 [hornet (16)]
  2686 | D        | Slain by a hornet

Illustrated notes

Levels and vault maps discovered:
D:        pitsprint [storerooms_1, entrance_room_1, metal_vault_3, armoury_3,
          mini_pit_1, grid_room_1, main_hall_1, silver_pit, the_coven_3,
          the_vestibule_1, steel_vault_5, golden_pit, hallway_of_sentries,
          crystal_vault_2, iron_vault_5, final_vault]

Skill      XL: |  1  2  3  4  5  6  7  8  9 10 11 |
---------------+----------------------------------+-----
Maces & Flails | 8 10 11 13 15 16 17 18 | 18.2
Fighting       | 7 10 13 14 | 14.2
Throwing       | 5 8 10 11 | 11.2
Dodging        | 5 7 9 10 | 10.4

Action                   |  1- 3 |  4- 6 |  7- 9 | 10-12 || total
-------------------------+-------+-------+-------+-------++-------
Melee: Flail             |     6 |    77 |    69 |       ||   152
       Dire flail        |       |       |    79 |    81 ||   160
       Punch             |       |       |     1 |       ||     1
Throw: Throwing net      |       |       |       |     2 ||     2
Invok: Call Merchant     |       |       |     1 |       ||     1
       Potion Petition   |       |       |     1 |     2 ||     3
  Use: Potion            |       |     1 |    12 |     2 ||    15
       Scroll            |       |       |       |     1 ||     1
 Stab: Sleeping          |     1 |       |       |       ||     1
       Distracted        |       |     1 |       |       ||     1
       Invisible         |       |       |    10 |       ||    10
       Held in net/web   |       |       |       |     2 ||     2
Armor: Robe              |       |    47 |    35 |    29 ||   111
Dodge: Dodged            |     1 |    38 |    51 |    77 ||   167

Table legend: (Time is in decaauts)
 A = Elapsed time spent in this place.
 B = Non-inter-level travel time spent in this place.
 C = Inter-level travel time spent in this place.
 D = Time resting spent in this place.
 E = Time spent auto-exploring this place.
 F = Levels seen in this place.
 G = Mean time per level.
                   A        B        C        D        E       F      G
               +--------+--------+--------+--------+--------+-----+--------+
         Total |   2563 |   2524 |     39 |   1706 |      0 |   1 | 2563.0 |
       Dungeon |   2563 |   2524 |     39 |   1706 |      0 |   1 | 2563.0 |
               +--------+--------+--------+--------+--------+-----+--------+

Top non-repeatable levels by time:
       D: 2563 daAuts
